 Dungeon Crawl Stone Soup version 0.23.2-30-g0e89c35649 (webtiles) character file.

Game seed: 17450891474099644771

1737 dvd the Firebug (level 9, -1/53 HPs)
             Began as an Octopode Fire Elementalist on June 25, 2019.
             Engulfed by a cloud of steam (7 damage)
             ... on level 6 of the Dungeon.
             The game lasted 00:16:24 (7235 turns).

dvd the Firebug (Octopode Fire Elementalist)        Turns: 7235, Time: 00:16:24

Health: -1/53      AC:  3    Str:  8    XL:     9   Next: 5%
Magic:  7/17       EV: 14    Int: 20    God:
Gold:   436        SH:  6    Dex: 15    Spells: 7/19 levels left

rFire    . . .     SeeInvis .   c - +2 hand axe (freeze)
rCold    . . .     Gourm    .   z - +2 buckler
rNeg     . . .     Faith    .   i - +2 hat
rPois    +         Spirit   .   (no amulet)
rElec    .         Reflect  .   f - ring of poison resistance
rCorr    .         Harm     .   m - ring of flight
MR       .....                  q - +3 ring of dexterity
Stlth    ++++......             (no ring)
HPRegen  0.17/turn              (no ring)
MPRegen  0.15/turn              (no ring)
                                (no ring)
                                (no ring)

@: no status effects
A: almost no armour, stealthy swim, amphibious, 8 rings, constrict 8, camouflage
1, gelatinous body 1
a: Evoke Flight


You were on level 6 of the Dungeon.
You were not hungry.

You visited 1 branch of the dungeon, and saw 6 of its levels.

You collected 436 gold pieces.

Inventory:

Hand Weapons
 c - a +2 hand axe of freezing (weapon)
 p - the +7 dagger "Vicseadd" {freeze, rElec MR- Str+2}
   (You found it on level 4 of the Dungeon)

   It has been specially enchanted to freeze those struck by it, causing extra
   injury to most foes and up to half again as much damage against particularly
   susceptible opponents.
   It can also slow down cold-blooded creatures.
   It affects your strength (+2).
   It insulates you from electricity.
   It affects your resistance to hostile enchantments.
 A - the +4 falchion of the Inquisitive Tables {flame, *Corrode rN+ Str+4}
   (You found it on level 5 of the Dungeon)

   It has been specially enchanted to burn those struck by it, causing extra
   injury to most foes and up to half again as much damage against particularly
   susceptible opponents.
   Big, fiery blades are also staple armaments of hydra-hunters.
   It affects your strength (+4).
   It protects you from negative energy.
   It may corrode you when you take damage.
Armour
 i - a +2 hat (worn)
 z - a +2 buckler (worn)
Jewellery
 f - a ring of poison resistance (left tentacle)
 m - a ring of flight (right tentacle)
 q - a +3 ring of dexterity (on tentacle)
Wands
 r - a wand of flame (13)
 s - a wand of polymorph (3)
Scrolls
 g - 3 scrolls of teleportation {unknown}
 h - 10 scrolls of identify {unknown}
 l - 5 scrolls of enchant armour {unknown}
 t - a scroll of immolation {unknown}
 x - a scroll of remove curse {unknown}
 y - 2 scrolls of magic mapping {unknown}
 C - a scroll of summoning {unknown}
Potions
 a - 3 potions of haste {unknown}
 d - a potion of degeneration {unknown}
 e - 4 potions of brilliance {unknown}
 j - 3 potions of cancellation {unknown}
 k - a potion of flight {unknown}
 n - 2 potions of lignification {unknown}
 o - a potion of heal wounds {unknown}
 u - a potion of curing {unknown}
 v - a potion of berserk rage {unknown}
 w - 2 potions of invisibility {unknown}
 B - a potion of might {unknown}
Comestibles
 b - 13 rations


   Skills:
 + Level 1.5 Fighting
 + Level 3.5 Axes
 + Level 3.4 Dodging
 + Level 5.4 Stealth
 * Level 1.9 Shields
 + Level 5.5 Spellcasting
 + Level 4.3 Conjurations
 * Level 6.1 Fire Magic
 + Level 1.6 Evocations


You had 7 spell levels left.
You knew the following spells:

 Your Spells              Type           Power        Failure   Level  Hunger
a - Flame Tongue          Conj/Fire      ####.        1%          1    None
b - Throw Flame           Conj/Fire      ####..       2%          2    None
c - Sticky Flame          Conj/Fire      ####....     16%         4    ####...
d - Fireball              Conj/Fire      ####......   41%         5    #####..

Your spell library contained the following spells:

 Spells                   Type           Power        Failure   Level  Hunger
 Conjure Flame            Conj/Fire      ####....     4%          3    ##.....
 Inner Flame              Hex/Fire       ###.....     12%         3    ##.....


Dungeon Overview and Level Annotations

Branches:
Dungeon (6/15)
 Temple: D:4-7

Altars:
Cheibriados
Fedhas
Gozag

Annotations:
D:6 Edmund


Innate Abilities, Weirdness & Mutations

You cannot wear most types of armour.
You are very stealthy in the water. (Stealth+)
You are amphibious.
You can wear up to eight rings at the same time.
You can use your tentacles to constrict eight enemies at once.
Your skin changes colour to match your surroundings (Stealth+).
Your rubbery body absorbs attacks. (AC +1, EV +1)


Message History

The steam dragon is almost dead.
The fungus is engulfed in a cloud of scalding steam. x2
The steam dragon breathes steam at you. The ball of steam hits you!!
* * * LOW HITPOINT WARNING * * *
Unknown command.
Casting: Sticky Flame (slightly dangerous; 21% risk of failure)
Confirm with . or Enter, or press ? or * to list all spells.
Aiming: Sticky Flame (slightly dangerous; 21% risk of failure)
Press: ? - help, Shift-Dir - straight line, f/p - steam dragon
Aim: a steam dragon (steam, almost dead, catching its breath)
The sticky flame hits the steam dragon!
You kill the steam dragon!
You have reached level 9!
Your experience leads to an increase in your attributes!
Your base attributes are Str 8, Int 19, Dex 12.
Increase (S)trength, (I)ntelligence, or (D)exterity?
You feel clever.
You are engulfed in a cloud of scalding steam.
You die...

##.........#.##.....###.#####....
.'........÷'.....................
##.........#[.......###.#####....
##.......###..§...## #.# ##...
##.....## #P.§..≈# ..# ##.#
##...## #PP§§.≈# #### #.# ##+##
##.§§PP# #.# #.# #P§§.## #.# #.#
#P§@§# #.# ##.## #≈.≈## ##.# #
##...## #..≈# #... # .....# #^.≈#
#.#. #####...### #).≈# #...
..........# ##P.# ####
######.##.... #P.# # #.# # #≈.# #
#.#


There were no monsters in sight!

Vanquished Creatures
  A steam dragon (D:6)
  A water moccasin (D:6)
  A sky beast (D:6)
  A phantom (D:6)
  2 centaurs (D:6)
  2 bullfrogs (D:6)
  2 scorpions
  A howler monkey (D:6)
  2 crimson imps (D:5)
  4 hounds
  A jelly (D:4)
  3 orc priests
  4 iguanas
  6 worker ants
  Natasha (thrice) (D:3)
  4 orc wizards
  4 adders
  An adder zombie (D:5)
  An ooze (D:1)
  2 dart slugs (D:3)
  5 leopard geckos
  13 orcs
  A ball python (D:4)
  9 bats
  6 giant cockroaches
  7 goblins
  9 hobgoblins
  15 jackals
  2 quokkas
  6 frilled lizards
  5 kobolds
  6 rats
130 creatures vanquished.

Notes
Turn   | Place    | Note
-------+----------+-------------------------------------------
     0 | D:1      | dvd the Octopode Fire Elementalist began the quest for the
                  | Orb.
     0 | D:1      | Reached XP level 1. HP: 11/11 MP: 3/3
    81 | D:1      | Found a snail-covered altar of Cheibriados.
   513 | D:1      | Reached XP level 2. HP: 17/17 MP: 1/5
   851 | D:1      | Learned a level 2 spell: Throw Flame
  1179 | D:2      | Reached XP level 3. HP: 21/21 MP: 1/6
  1684 | D:2      | Found a blossoming altar of Fedhas.
  1758 | D:2      | Reached XP level 4. HP: 27/27 MP: 5/7
  2055 | D:3      | Noticed Natasha
  2064 | D:3      | Killed Natasha
  2163 | D:3      | Reached skill level 1 in Axes
  2163 | D:3      | Reached skill level 4 in Fire Magic
  2163 | D:3      | Reached XP level 5. HP: 25/31 MP: 0/8
  2178 | D:3      | Learned a level 5 spell: Fireball
  2843 | D:3      | Reached XP level 6. HP: 36/37 MP: 8/10
  2868 | D:3      | Noticed Natasha
  2877 | D:3      | Killed Natasha
  2995 | D:3      | Noticed Natasha
  3003 | D:3      | Killed Natasha
  3214 | D:3      | Found a faded altar of an unknown god.
  3229 | D:3      | Became a worshipper of Gozag Ym Sagoz the Greedy
  3419 | D:4      | Got a translucent dagger
  3422 | D:4      | Fell from the grace of Gozag
  3442 | D:5      | Entered Level 5 of the Dungeon
  3679 | D:5      | Identified the +7 dagger "Vicseadd" {freeze, rElec MR-
                  | Str+2} (You found it on level 4 of the Dungeon)
  3775 | D:5      | Reached XP level 7. HP: 30/42 MP: 3/12
  3866 | D:5      | Reached skill level 1 in Fighting
  3875 | D:5      | Learned a level 4 spell: Sticky Flame
  4861 | D:4      | Reached skill level 5 in Fire Magic
  5143 | D:4      | Reached skill level 1 in Evocations
  5334 | D:5      | Was forgiven by Gozag
  5334 | D:5      | Reached skill level 5 in Stealth
  5751 | D:5      | Reached XP level 8. HP: 48/48 MP: 13/15
  5875 | D:5      | Got a jewelled falchion
  5876 | D:5      | Identified the +4 falchion of the Inquisitive Tables
                  | {flame, *Corrode rN+ Str+4} (You found it on level 5 of the
                  | Dungeon)
  6205 | D:6      | Reached skill level 5 in Spellcasting
  6767 | D:6      | Reached skill level 1 in Shields
  6777 | D:6      | Noticed Edmund
  7135 | D:6      | Reached skill level 6 in Fire Magic
  7235 | D:6      | Reached XP level 9. HP: 6/53 MP: 7/17
  7235 | D:6      | Engulfed by a cloud of steam

Skill      XL: |  1  2  3  4  5  6  7  8 |
---------------+-------------------------+-----
Stealth        | 3 4 5 |  5.4
Axes           | 1 3 |  3.5
Fire Magic     | 4 5 6 |  6.1
Spellcasting   | 3 4 5 |  5.5
Conjurations   | 2 3 4 |  4.3
Fighting       | 1 |  1.5
Dodging        | 3 |  3.4
Evocations     | 1 |  1.6
Shields        | 1 |  1.9

Action                   |  1- 3 |  4- 6 |  7- 9 || total
-------------------------+-------+-------+-------++-------
Melee: Unarmed           |    14 |       |       ||    14
       Constrict         |     8 |    13 |    10 ||    31
       Hand axe          |    19 |    44 |    55 ||   118
       Tentacles         |     2 |     6 |     8 ||    16
 Cast: Flame Tongue      |    37 |    68 |    48 ||   153
       Throw Flame       |     4 |    17 |    22 ||    43
       Sticky Flame      |       |       |    17 ||    17
Invok: Renounce Religion |       |     1 |       ||     1
Evoke: Wand              |       |     4 |     4 ||     8
 Stab: Sleeping          |     1 |     1 |     1 ||     3
       Paralysed         |       |     2 |       ||     2
  Eat: Chunk             |     3 |     7 |    11 ||    21
       Ration            |       |       |     1 ||     1
Armor: Skin              |    10 |     7 |    10 ||    27
Dodge: Dodged            |    33 |    52 |    69 ||   154
Block: Buckler           |       |       |     7 ||     7
